 Dungeon Sprint DCSS version 0.19.1 (webtiles) character file.

1128 w00t the Imperceptible (level 8, -13/40 HPs)
             Began as a Spriggan Assassin on Dec 23, 2016.
             Was a High Priest of Jiyva.
             Mangled by a centaur warrior (15 damage)
             ... in the Dungeon (Sprint I: "Red Sonja").
             The game lasted 00:03:14 (245 turns).

w00t the Imperceptible (Spriggan Assassin)           Turns: 245, Time: 00:03:15

Health: -13/40     AC:  3    Str:  8    XL:     8   Next: 13%
Magic:  9/9        EV: 17    Int: 12    God:    Jiyva [*****.]
Gold:   435        SH:  0    Dex: 19    Spells: 0 memorised, 7 levels left

rFire  . . .     SeeInvis +     a - +2 dagger
rCold  . . .     Gourm    .     c - +0 robe
rNeg   . . .     Faith    .     (shield restricted)
rPois  .         Spirit   .     (helmet restricted)
rElec  .         Reflect  .     d - +0 cloak
rCorr  +         Harm     .     (gloves unavailable)
MR     +....     NoTele   +     (boots unavailable)
Stlth  +++++++++.               (no amulet)
                                (no ring)
                                (no ring)

@: very quick
A: unfitting armour, beak, see invisible, herbivore 3, speed 3, robust 1, slow
regeneration 1, slow metabolism 2
a: Request Jelly, Slimify, Cure Bad Mutation, Renounce Religion


You were in the Dungeon.
You worshipped Jiyva.
Jiyva was extremely pleased with you.
You were not hungry.

You visited 1 branch You collected 435 gold pieces.

Inventory:

Hand Weapons
 a - a +2 dagger (weapon)
 b - a +0 blowgun
Missiles
 e - 8 poisoned needles
 f - 2 curare-tipped needles
Armour
 c - a +0 robe (worn)
 d - a +0 cloak (worn)
Scrolls
 m - a scroll of blinking
 n - a scroll of fear {unknown}
Potions
 h - a potion of curing
 j - a potion of haste
 k - 2 potions of magic
 l - a potion of berserk rage
Comestibles
 g - a bread ration


   Skills:
 - Level 1.5 Fighting
 - Level 2.1 Short Blades
 - Level 2.0 Throwing
 - Level 1.5 Dodging
 + Level 24.1 Stealth


You had 7 spell levels left.
You didn't know any spells.

Dungeon Overview and Level Annotations

Branches:
Dungeon (1/1)

Altars:
Cheibriados
Dithmenos
Elyvilon
Fedhas
Gozag
Hepliaklqana
Kikubaaqudgha
Makhleb
Nemelex Xobeh
Okawaru
Qazlal
Ru
Sif Muna
Trog
Uskayaw
Vehumet
Xom
Yredelemnul
Zin
The Shining One
Jiyva
Lugonu

Shops:
D }[


Innate Abilities, Weirdness & Mutations

You are very small and have problems with some larger weapons.
You are too small for most types of armour.
You have supernaturally acute eyesight. (SInv)
You are a herbivore.
You cover ground extremely quickly.
You need consume almost no food.
You have a beak for a mouth.
You are robust. (+10% HP)
You regenerate slowly when monsters are visible.


Message History

You hit the centaur warrior but do no damage.
The centaur warrior is almost dead.
The centaur warrior barely misses you.
You hit the centaur warrior.
You peck the centaur warrior, but do no damage.
The centaur warrior is almost dead.
The centaur warrior hits you! The centaur warrior misses you.
You closely miss the centaur warrior.
You peck the centaur warrior, but do no damage.
The centaur warrior is almost dead.
The centaur warrior completely misses you.
You barely miss the centaur warrior. Your peck misses the centaur warrior.
The centaur warrior is almost dead.
The centaur warrior hits you.
You barely miss the centaur warrior.
The centaur warrior is almost dead.
The centaur warrior hits you!
* * * LOW HITPOINT WARNING * * *
The centaur warrior hits you!
You die...

##################
<.#..'..#..+..#__#
..'..#.....#..+..+
..#####'#####+#__####
..####..#...#.####§§# ##
..#__####..##.#≈≈§§§#§$#
..#_____##'#..§§§§§.§§y#
⌠⌠#_.∩...'..._#§c§§c#
###_..__##_.#'##@####
#_____###+#.#?().###
####### ####'###[##
+.....'.∩# ##########


You could see a centaur warrior.

Vanquished Creatures
  A deep troll (D)
  A slime creature (D)
  Sigmund (D)
  A yak (D)
  An ogre (D)
  A jelly (D)
  Ijyb (D)
7 creatures vanquished.

Vanquished Creatures (others)
  A jelly (D)
1 creature vanquished.

Grand Total: 8 creatures vanquished

Notes
Turn   | Place    | Note
-------+----------+-------------------------------------------
     0 | D        | w00t the Spriggan Assassin began the quest for the Orb.
     0 | D        | Reached XP level 1. HP: 10/10 MP: 2/2
     2 | D        | Noticed Ijyb
     5 | D        | Killed Ijyb
     5 | D        | Reached skill level 10 in Stealth
     5 | D        | Reached XP level 2. HP: 14/14 MP: 3/3
     8 | D        | Noticed an ogre
    10 | D        | Killed an ogre
    10 | D        | Reached skill level 14 in Stealth
    10 | D        | Reached XP level 3. HP: 18/18 MP: 4/4
    10 | D        | Reached XP level 4. HP: 22/22 MP: 5/5
    19 | D        | Noticed Sigmund
    22 | D        | Killed Sigmund
    22 | D        | Reached skill level 18 in Stealth
    22 | D        | Reached XP level 5. HP: 25/25 MP: 6/6
    22 | D        | Reached XP level 6. HP: 30/30 MP: 7/7
    34 | D        | Found a deep blue altar of Sif Muna.
    36 | D        | Found a radiant altar of Vehumet.
    74 | D        | Found Xizef's Gadget Emporium.
    74 | D        | Found an ancient bone altar of Kikubaaqudgha.
    74 | D        | Found a hazy altar of Hepliaklqana.
    74 | D        | Found a hide-covered altar of Uskayaw.
    74 | D        | Found a basalt altar of Yredelemnul.
    74 | D        | Found an opulent altar of Gozag.
    74 | D        | Found a snail-covered altar of Cheibriados.
    74 | D        | Found a sacrificial altar of Ru.
    74 | D        | Found a shadowy altar of Dithmenos.
    74 | D        | Noticed a yak
    75 | D        | Found a stormy altar of Qazlal.
    75 | D        | Found a blossoming altar of Fedhas.
    75 | D        | Found a bloodstained altar of Trog.
    75 | D        | Found an iron altar of Okawaru.
    75 | D        | Found a glowing golden altar of the Shining One.
    75 | D        | Found a glowing silver altar of Zin.
    75 | D        | Found a white marble altar of Elyvilon.
    76 | D        | Killed a yak
    76 | D        | Reached skill level 20 in Stealth
    77 | D        | Found a sparkling altar of Nemelex Xobeh.
    92 | D        | Found a burning altar of Makhleb.
    92 | D        | Found a shimmering altar of Xom.
    92 | D        | Noticed a slime creature
    93 | D        | Found a viscous altar of Jiyva.
    93 | D        | Found a corrupted altar of Lugonu.
    95 | D        | Killed a slime creature
    95 | D        | Reached skill level 21 in Stealth
    95 | D        | Reached XP level 7. HP: 33/33 MP: 8/8
    97 | D        | Became a worshipper of Jiyva Jefih the Shapeless
   108 | D        | Reached * piety under Jiyva
   108 | D        | Reached ** piety under Jiyva
   116 | D        | Reached *** piety under Jiyva
   116 | D        | Gained mutation: You have a beak for a mouth. [Jiyva's grace]
   187 | D        | Reached **** piety under Jiyva
   191 | D        | Noticed a centaur warrior
   194 | D        | Noticed a centaur warrior
   200 | D        | Noticed a deep troll
   200 | D        | Gained mutation: You are robust. (+10% HP) [Jiyva's grace]
   202 | D        | Killed a deep troll
   202 | D        | Reached skill level 24 in Stealth
   202 | D        | Reached XP level 8. HP: 37/40 MP: 9/9
   204 | D        | Reached ***** piety under Jiyva
   204 | D        | Gained mutation: You regenerate slowly when monsters are visible. [Jiyva's grace]
   214 | D        | Found Zoit's Armour Emporium.
   226 | D        | Noticed a hornet
   245 | D        | HP: 2/40 [centaur warrior (13)]
   245 | D        | Mangled by a centaur warrior

Skill      XL: |  1  2  3  4  5  6  7 |
---------------+----------------------+-----
Stealth        | 10 14 18 21 24 | 24.1
Fighting       | |  1.5
Short Blades   | |  2.1
Throwing       | |  2.0
Dodging        | |  1.5

Action                   |  1- 3 |  4- 6 |  7- 9 || total
-------------------------+-------+-------+-------++-------
Melee: Dagger            |     2 |     4 |    16 ||    22
       Peck              |       |       |     4 ||     4
  Use: Potion            |       |       |     1 ||     1
 Stab: Sleeping          |     2 |     4 |     1 ||     7
       Distracted        |       |       |     1 ||     1
Armor: Robe              |       |       |     2 ||     2
Dodge: Dodged            |       |       |    10 ||    10
